 Dungeon Crawl Stone Soup version 0.32-a0-931-g5a2cda0630 (webtiles) character file.

Game seed: 12938254447125261130

5121 RotoRooter the Basher (level 10, 0/141 HPs)
             Began as a Troll Berserker on Apr 13, 2024.
             Was a Priest of Trog.
             Slain by Erica
             ... wielding a +0 scimitar of flaming
              (1 damage)
             ... on level 8 of the Dungeon.
             The game lasted 00:16:38 (5951 turns).

RotoRooter the Basher (Troll Berserker)             Turns: 5951, Time: 00:16:39

Health: 0/141      AC:  7    Str: 30    XL:     10   Next: 32%
Magic:  9/9        EV: 15    Int:  2    God:    Trog [***...]
Gold:   429        SH:  0    Dex: 13    Spells: 9/9 levels left

rFire   . . .        n - +11 hammer of Omuaseze {pain, *Rage rPois rN++ rCorr}
rCold   + . .        (no shield)
rNeg    + + .        a - +0 animal skin
rPois   +            (helmet restricted)
rElec   .            D - +2 cloak {rCorr}
rCorr   +            (gloves unavailable)
SInv    .            (boots unavailable)
Will    .....        (no amulet) Stlth
                     b - ring of protection from cold
HPRegen 1.23/turn    s - +5 ring of evasion
MPRegen 0.11/turn

%: random rage (20%)
@: berserking, slowed
A: large, unfitting armour, claws 3, regeneration 1, shaggy fur 1, tough skin 1,
agile 1, wild magic 1
a: Renounce Religion, Berserk, Trog's Hand


You were on level 8 of the Dungeon.
You worshipped Trog.
Trog was most pleased with you.
You visited 1 branch of the dungeon, and saw 8 of its levels.

You collected 429 gold pieces.

Inventory:

Hand Weapons
 n - the +11 hammer of Omuaseze (weapon) {pain, *Rage rPois rN++ rCorr}
   (You found it on level 3 of the Dungeon)

   rPois:     It protects you from poison.
   rN++:      It greatly protects you from negative energy.
   *Rage:     It berserks you when you make melee attacks (+20% chance).
   rCorr:     It protects you from acid and corrosion.
 y - the +5 rapier of Bohiqaem {flame, +Blink rElec Str-4 Dex+4}
   (You found it on level 8 of the Dungeon)

   Str-4:     It affects your strength (-4).
   Dex+4:     It affects your dexterity (+4).
   rElec:     It insulates you from electricity.
   +Blink:    It lets you blink.
Armour
 a - a +0 animal skin (worn)
 D - a +2 cloak of preservation (worn)
Jewellery
 b - a ring of protection from cold (left claw)
 s - a +5 ring of evasion (right claw)
 B - an amulet of magic regeneration
 C - a ring of protection from cold
Wands
 l - a wand of flame (40)
 r - a wand of roots (33)
 H - a wand of polymorph (8)
 I - a wand of light (13)
Scrolls
 c - 2 scrolls of amnesia {unknown}
 d - a scroll of torment {unknown}
 e - 2 scrolls of vulnerability {unknown}
 j - 2 scrolls of brand weapon {unknown}
 k - 5 scrolls of teleportation {unknown}
 m - 2 scrolls of blinking {unknown}
 o - 6 scrolls of identify {unknown}
 q - 3 scrolls of enchant armour {unknown}
 t - 2 scrolls of poison {unknown}
 u - 2 scrolls of revelation {unknown}
 x - a scroll of noise {unknown}
 G - a scroll of enchant weapon {unknown}
 J - a scroll of immolation {unknown}
Potions
 f - a potion of mutation
 g - a potion of cancellation {unknown}
 h - a potion of ambrosia {unknown}
 i - 4 potions of curing
 p - a potion of brilliance {unknown}
 v - 2 potions of haste {unknown}
 w - a potion of might {unknown}
 z - a potion of attraction {unknown}
 A - 2 potions of heal wounds {unknown}
 E - a potion of enlightenment {unknown}
 F - a potion of magic {unknown}


   Skills:
 * Level 4.6 Fighting
 + Level 12.4 Maces & Flails
 - Level 3.6 Dodging
 - Level 4.8 Unarmed Combat


You had 9 spell levels left.
You didn't know any spells.
Your spell library was empty.

Dungeon Overview and Level Annotations

Branches:
Dungeon (8/15)             Temple (0/1) D:5
   Lair: D:8-11

Altars:
Gozag
Hepliaklqana
Okawaru
Uskayaw

Shops:
D:5 =   D:7 :

Annotations:
D:8 Erica


Innate Abilities, Weirdness & Mutations

You are too large for most types of armour.
You have claws for hands.
Your natural rate of healing is unusually fast.
You are covered in fur. (AC +1)
You have tough skin. (AC +1)
You are agile. (Dex +4, Str/Int -1)
Your spells are a little harder to cast, but a little more powerful.


Message History

The steam dragon breathes steam at you. The ball of steam hits you!
You sock the steam dragon!
You kill the steam dragon!
Trog accepts your kill.
You are engulfed in a cloud of scalding steam.
The centaur shoots an arrow.
The arrow hits you.
Erica mumbles some strange words.
Erica flickers and vanishes!
Deactivating autopickup; reactivate with Ctrl-A.
The centaur shoots an arrow.
The arrow hits you.
You recover from your berserk rage.
Unknown command.
The centaur shoots an arrow.
The arrow hits you. Something hits you!
* * * LOW HITPOINT WARNING * * *
Something burns you.
* * * LOW HITPOINT WARNING * * *
The centaur shoots an arrow.
The arrow hits you!
* * * LOW HITPOINT WARNING * * *
A red film seems to cover your vision as you go berserk!
You feel yourself moving faster!
You feel mighty! Something hits you.
* * * LOW HITPOINT WARNING * * *
Something burns you.
* * * LOW HITPOINT WARNING * * *
The centaur unwields a +0 shortbow.
The centaur completely misses you. The centaur closely misses you.
Something hits you but does no damage.
You bludgeon the centaur!!
The centaur is almost dead.
The centaur barely misses you. x2
You sock the centaur!
You kill the centaur!
Trog accepts your kill. Something hits you.
* * * LOW HITPOINT WARNING * * *
Something burns you.
* * * LOW HITPOINT WARNING * * *
You bludgeon something!! Something hits you!
* * * LOW HITPOINT WARNING * * *
Something burns you.
You die...

...###....#≈ #.##.# <..#
##...#≈ #..#. ...#
#..##≈≈#..#. #### #...#
≈#........# # ##...#
#........##≈ ## #....#
#..##....#≈ .#####....#
#..##....# ..........#
#..##D.x.## .##.......##
#.{@#§.<..# # .##.##.....#
###)#§....###?c.
.##.###....#####...{####.....
###.###.......#####..........
........)..##.####.<.........
##.##.#..##...##...##........
##.##.#..........#...........
#.........:..####............
.(.###....##..##............)


There were no monsters in sight!

Vanquished Creatures
  A two-headed ogre (D:6)
  Pikel (D:4)
  A cyclops (D:6)
  Maurice (D:7)
  A hornet (D:8)
  Sigmund (D:4)
  Eustachio (D:5)
  A steam dragon (D:8)
  A water moccasin (D:7)
  2 orc warriors (D:7)
  3 ice beasts (D:6)
  2 centaurs
  2 ogres (D:5)
  3 phantoms (D:6)
  A lemure (D:4)
  3 kobold brigands
  5 bullfrogs
  A scorpion (D:6)
  3 wights (D:7)
  6 killer bees (D:8)
  An orc priest (D:7)
  2 bombardier beetles
  2 gnoll boudas
  Crazy Yiuf (D:3)
  2 hounds
  Ijyb (D:3)
  Jessica (D:3)
  Terence (D:3)
  3 iguanas
  2 orc wizards (D:7)
  8 gnolls
  4 adders
  4 dart slugs
  A ribbon worm (D:3)
  9 orcs
  5 bats
  9 endoplasms
  5 giant cockroaches
  12 goblins
  4 hobgoblins
  A quokka (D:1)
  10 ball pythons
  20 kobolds
  5 rats
153 creatures vanquished.

Notes
Turn   | Place    | Note
-------+----------+-------------------------------------------
     0 | D:1      | RotoRooter the Troll Berserker began the quest for the Orb.
     0 | D:1      | Reached XP level 1. HP: 22/22 MP: 0/0
    81 | D:1      | Reached XP level 2. HP: 29/29 MP: 1/1
   686 | D:2      | Reached XP level 3. HP: 36/36 MP: 2/2
   785 | D:2      | Reached ** piety under Trog
  1312 | D:3      | Noticed Jessica
  1318 | D:3      | Killed Jessica
  1319 | D:3      | Reached XP level 4. HP: 42/45 MP: 3/3
  1533 | D:3      | Noticed Ijyb
  1543 | D:3      | Killed Ijyb
  1592 | D:3      | Noticed Terence
  1597 | D:3      | Killed Terence
  1598 | D:3      | Reached XP level 5. HP: 53/53 MP: 4/4
  2001 | D:3      | Identified the +11 hammer of Omuaseze {pain, *Rage rPois
                  | rN++ rCorr}
  2007 | D:3      | Found a runed translucent door.
  2008 | D:3      | Noticed Crazy Yiuf
  2016 | D:3      | Killed Crazy Yiuf
  2267 | D:4      | Noticed a centaur
  2276 | D:4      | Killed a centaur
  2277 | D:4      | Reached skill level 2 in Maces & Flails
  2277 | D:4      | Reached XP level 6. HP: 54/61 MP: 5/5
  2304 | D:4      | Found an opulent altar of Gozag.
  2632 | D:4      | Noticed Pikel
  2640 | D:4      | Killed Pikel
  2641 | D:4      | Reached skill level 5 in Maces & Flails
  2641 | D:4      | Reached XP level 7. HP: 67/67 MP: 6/6
  2699 | D:4      | Noticed Sigmund
  2710 | D:4      | Killed Sigmund
  2711 | D:4      | Reached skill level 6 in Maces & Flails
  3146 | D:5      | Entered Level 5 of the Dungeon
  3163 | D:5      | Found a staircase to the Ecumenical Temple.
  3186 | D:5      | Found Jyank's Jewellery Shoppe.
  3239 | D:5      | Reached XP level 8. HP: 75/75 MP: 7/7
  3380 | D:5      | Reached skill level 7 in Maces & Flails
  3617 | D:5      | Noticed Eustachio
  3625 | D:5      | Killed Eustachio
  3670 | D:6      | Reached skill level 8 in Maces & Flails
  3733 | D:6      | Found a hazy altar of Hepliaklqana.
  3933 | D:6      | Found an iron altar of Okawaru.
  3944 | D:6      | Found a hide-covered altar of Uskayaw.
  4123 | D:6      | Reached skill level 9 in Maces & Flails
  4168 | D:6      | Noticed a cyclops
  4169 | D:6      | Noticed a two-headed ogre
  4177 | D:6      | Killed a two-headed ogre
  4178 | D:6      | Reached skill level 10 in Maces & Flails
  4178 | D:6      | Reached XP level 9. HP: 83/83 MP: 8/8
  4191 | D:6      | Killed a cyclops
  4192 | D:6      | Reached skill level 11 in Maces & Flails
  4757 | D:7      | Found Notyleg's Self-Improvement Boutique.
  4924 | D:7      | Noticed Maurice
  4935 | D:7      | Something stole an amulet of magic regeneration
  4936 | D:7      | Something stole 345 gold
  4939 | D:7      | Killed Maurice
  4940 | D:7      | Reached skill level 12 in Maces & Flails
  4940 | D:7      | Reached XP level 10. HP: 91/91 MP: 5/9
  4951 | D:7      | Reached *** piety under Trog
  5593 | D:8      | Identified the +5 rapier of Bohiqaem {flame, +Blink rElec
                  | Str-4 Dex+4}
  5937 | D:8      | Noticed Erica
  5941 | D:8      | Gained mutation: You are agile. (Dex +4, Str/Int -1)
                  | [potion of mutation]
  5941 | D:8      | Gained mutation: Your spells are a little harder to cast,
                  | but a little more powerful. [potion of mutation]
  5951 | D:8      | HP: 1/141 [something (8)]
  5951 | D:8      | Slain by Erica

Illustrated notes

Levels and vault maps discovered:
D:1:      lightli_arrival_quake, layout_loops_ring
D:2:      layout_loops_ring
D:3:      minmay_evil_eye, layout_basic, kennysheep_generic_room_4,
          uniq_terence, uniq_jessica, uniq_crazy_yiuf_cottage, uniq_ijyb
D:4:      nicolae_cairo_tiling_very_big, layout_basic, grunt_gozag_statues,
          minmay_three_crescents, uniq_pikel, uniq_sigmund
D:5:      layout_basic, minmay_temple_entry_overgrown, serial_shops, shop,
          uniq_eustachio
D:6:      layout_loops_ring, amethyst_overflow_temple_binary, kennysheep_mini,
          minmay_chambers_of_fives
D:7:      layout_basic, small_statue_intersection, nicolae_shop_self_help,
          uniq_maurice
D:8:      layout_rooms, serial_aquarium, aquarium_bridge_island_small
          [aquarium_subvault_small_water, aquarium_subvault_wall,
          aquarium_subvault_bridge, aquarium_subvault_wall,
          aquarium_subvault_wall], aquarium_bridge_square
          [aquarium_subvault_window, aquarium_subvault_bridge,
          aquarium_subvault_window, aquarium_subvault_window],
          aquarium_window_corner, aquarium_window_3, aquarium_window_fake,
          aquarium_window_corner, aquarium_view_2e, aquarium_view_2a, uniq_erica

Skill      XL: |  1  2  3  4  5  6  7  8  9 10 |
---------------+-------------------------------+-----
Unarmed Combat | 4 |  4.8
Fighting       | 3 4 |  4.6
Dodging        | 3 |  3.6
Maces & Flails | 2 5 6 10 12 | 12.4

Action                     |  1- 3 |  4- 6 |  7- 9 | 10-12 || total
---------------------------+-------+-------+-------+-------++-------
  Melee: Unarmed           |    75 |    31 |       |       ||   106
         Punch             |     1 |       |       |       ||     1
         Mace              |       |    27 |   164 |    68 ||   259
 Invoke: Berserk           |     1 |     5 |     8 |     1 ||    15
         Trog's Hand       |       |       |     1 |       ||     1
  Evoke: Wand              |       |       |     1 |       ||     1
    Use: Potion            |       |       |     1 |     1 ||     2
   Stab: Sleeping          |       |       |     1 |       ||     1
 Armour: Animal skin       |    40 |    36 |    79 |    58 ||   213
  Dodge: Dodged            |    34 |    21 |    98 |    69 ||   222

Table legend: (Time is in decaauts)
 A = Elapsed time spent in this place.
 B = Non-inter-level travel time spent in this place.
 C = Inter-level travel time spent in this place.
 D = Time resting spent in this place.
 E = Time spent auto-exploring this place.
 F = Levels seen in this place.
 G = Mean time per level.
                   A        B        C        D        E       F      G
               +--------+--------+--------+--------+--------+-----+--------+
         Total |   6132 |   5888 |    244 |    229 |   4417 |   8 |  766.5 |
       Dungeon |   6132 |   5888 |    244 |    229 |   4417 |   8 |  766.5 |
               +--------+--------+--------+--------+--------+-----+--------+

Top non-repeatable levels by time:
     D:3: 1020 daAuts
     D:6: 989 daAuts
     D:7: 966 daAuts
     D:4: 910 daAuts
     D:1: 674 daAuts
     D:2: 616 daAuts
     D:5: 558 daAuts
     D:8: 397 daAuts
